Map: Magannatha LE

Players

SortOf - Winner!

  • Race: Zerg Zerg
  • League: Grandmaster
  • Spawn Location: 11:00

OldDraGoN

  • Race: Terran Terran
  • Spawn Location: 5:00

VOD

Have the link to the VOD?

Description

Time

  • Played on: Oct. 29, 2025, 3:24 a.m.
  • Length: 10:10
Show
View Real Time Build Order
Export as new Build Order

SortOf Zerg - Winner!

Build Orders: Hatch First 

Get SALT Encoding   

  12  0:00  Drone  
  13  0:08  Drone  
  14  0:16  Drone, Extractor  
  15  0:22  Overlord  
  15  0:41  Drone  
  16  0:45  Hatchery  
  16  0:49  Drone  
  16  0:52  Drone  
  16  0:56  Drone  
  18  1:08  Extractor  
  17  1:11  Spawning Pool  
  17  1:15  Drone  
  17  1:18  Drone  
  18  1:28  Drone  
  19  1:37  Drone  
  20  1:51  Overlord  
  20  1:58  Queen x2  
  20  1:59  Zergling x4  
  26  2:08  Drone  
  26  2:09  Drone  
  28  2:21  Drone x2  
  31  2:30  Drone x2  
  31  2:35  Hatchery  
  31  2:42  Queen  
  32  2:45  Overlord  
  32  2:48  Drone  
  33  2:52  Drone x2  
  35  3:03  Roach Warren, Drone x2  
  36  3:07  Drone  
  36  3:09  Drone  
  36  3:10  Drone  
  39  3:14  Overlord  
  39  3:17  Drone  
  39  3:18  Drone  
  41  3:22  Drone  
  41  3:24  Drone  
  43  3:27  Drone  
  43  3:32  Queen  
  46  3:34  Overlord  
  46  3:39  Drone x2  
  48  3:44  Evolution Chamber, Drone  
  48  3:46  Drone x2  
  50  3:52  Overlord  
  50  3:53  Drone x2  
  52  3:56  Drone x2  
  52  4:01  Drone  
  55  4:05  Roach x3  
  61  4:13  Drone x5  
  66  4:18  Zerg Ground Armor Level 1  
  66  4:19  Overlord  
  66  4:21  Drone x2  
  68  4:26  Overlord  
  68  4:28  Drone x3  
  70  4:33  Overlord  
  72  4:38  Roach x2  
  72  4:43  Drone  
  75  4:46  Extractor, Drone x3  
  75  4:47  Extractor  
  75  4:49  Drone x3  
  75  4:50  Hatchery  
  78  4:54  Drone x4  
  78  4:59  Queen  
  82  5:01  Queen, Extractor  
  82  5:03  Overlord  
  85  5:11  Lair  
  85  5:12  Extractor  
  85  5:13  Drone x3  
  85  5:14  Zergling x6  
  90  5:18  Zergling x6  
  93  5:22  Overlord  
  93  5:29  Spore Crawler  
  93  5:30  Drone x3, Extractor  
  93  5:31  Drone  
  93  5:32  Metabolic Boost  
  93  5:35  Zergling x10, Evolution Chamber  
  99  5:42  Roach, Overlord  
  101  5:46  Roach  
  103  5:52  Drone  
  103  5:53  Overlord  
  103  5:54  Drone x5  
  103  5:56  Overlord  
  109  5:58  Overlord  
  109  6:00  Overlord x2  
  109  6:02  Drone x2  
  111  6:04  Zerg Melee Weapons Level 1  
  111  6:06  Queen  
  111  6:08  Ravager  
  111  6:09  Ravager x2  
  111  6:10  Zergling x4  
  118  6:13  Zergling x4  
  118  6:17  Infestation Pit  
  119  6:20  Zergling x4  
  119  6:24  Drone  
  119  6:25  Overlord  
  122  6:26  Zergling x10  
  122  6:27  Zerg Ground Armor Level 2  
  122  6:29  Drone  
  122  6:32  Overlord  
  128  6:38  Zergling x16  
  136  6:42  Drone  
  136  6:46  Overlord  
  137  6:49  Zergling x6  
  138  6:59  Hive, Microbial Shroud  
  138  7:00  Infestor x2  
  142  7:03  Drone x7  
  142  7:04  Extractor  
  142  7:05  Extractor  
  142  7:07  Drone  
  148  7:13  Zergling x10  
  150  7:16  Zergling x6  
  150  7:17  Hatchery  
  150  7:19  Infestor  
  150  7:20  Infestor  
  155  7:23  Zergling x6  
  155  7:27  Zergling x2  
  155  7:28  Zergling x4  
  155  7:36  Zergling x12  
  159  7:39  Infestor  
  164  7:44  Zergling x6  
  164  7:49  Zergling x14  
  169  7:54  Overlord  
  167  7:59  Drone x3  
  167  8:05  Zergling x10  
  173  8:07  Ravager x2  
  173  8:10  Overlord x3  
  173  8:12  Adrenal Glands  
  175  8:13  Ultralisk Cavern  
  174  8:23  Zergling x14  
  174  8:25  Ravager  
  182  8:28  Overlord  
  182  8:31  Burrow  
  182  8:33  Zergling x14  
  188  8:45  Zergling x18  
  192  9:02  Ultralisk x4, Zergling x2  
  200  9:05  Zergling x2  
  174  9:18  Ultralisk x2, Zergling x28  
  191  9:28  Zergling x4  
  193  9:36  Drone x5  
  198  9:40  Overlord  
  198  9:48  Overseer x2  
Show
View Real Time Build Order
Export as new Build Order

OldDraGoN Terran 

Build Orders: Reaper Expand 

Get SALT Encoding   

  12  0:00  SCV  
  13  0:12  SCV  
  14  0:16  Supply Depot  
  14  0:24  SCV  
  15  0:38  SCV  
  15  0:40  Barracks  
  16  0:44  Refinery  
  16  0:50  SCV  
  17  1:02  SCV  
  18  1:14  SCV  
  19  1:26  Orbital Command  
  19  1:27  Reaper  
  20  1:37  Command Center  
  20  1:45  Supply Depot  
  20  1:52  SCV  
  21  1:59  Marine  
  22  2:04  SCV  
  23  2:08  Factory  
  23  2:16  SCV  
  23  2:20  Barracks Reactor  
  24  2:28  SCV  
  25  2:43  SCV, Command Center  
  26  2:51  Orbital Command  
  26  2:55  SCV  
  27  3:03  Hellion x2  
  31  3:05  Barracks Tech Lab  
  31  3:07  SCV  
  32  3:17  SCV  
  32  3:19  SCV  
  34  3:24  Stimpack, Marine  
  35  3:29  SCV  
  35  3:31  SCV  
  37  3:34  Barracks, Factory Reactor  
  36  3:41  SCV  
  36  3:42  Marine  
  36  3:43  SCV  
  36  3:45  Barracks  
  39  3:49  Refinery  
  39  3:53  SCV  
  39  3:54  Supply Depot  
  39  3:55  Orbital Command, SCV  
  41  4:00  Marauder  
  43  4:05  SCV  
  43  4:07  SCV  
  45  4:17  Engineering Bay  
  45  4:18  Engineering Bay, SCV  
  45  4:19  SCV  
  45  4:20  Refinery, Factory Reactor  
  45  4:23  SCV, Supply Depot  
  45  4:24  Marine x2  
  48  4:30  SCV  
  51  4:32  SCV  
  51  4:36  SCV  
  53  4:38  Marine  
  53  4:41  Starport  
  53  4:45  Refinery  
  53  4:46  Marine  
  53  4:48  Marine  
  53  4:51  Bunker  
  53  4:52  Marine  
  55  4:54  Marine  
  55  4:56  SCV  
  55  4:59  SCV  
  59  5:00  Marine  
  59  5:04  SCV, Marine  
  61  5:08  SCV, Marine  
  61  5:10  Marine  
  61  5:11  Factory Tech Lab  
  65  5:14  Supply Depot  
  65  5:15  Terran Infantry Weapons Level 1  
  65  5:16  Marine  
  65  5:19  Marine  
  65  5:20  SCV  
  67  5:22  Marine  
  67  5:23  SCV  
  67  5:25  Terran Infantry Armor Level 1  
  67  5:28  Medivac x2  
  71  5:30  Marine  
  71  5:32  Marine  
  71  5:33  Combat Shield  
  71  5:35  SCV  
  76  5:38  SCV, Supply Depot  
  76  5:39  Orbital Command  
  77  5:45  Marine x3  
  77  5:47  SCV  
  81  5:51  SCV, Marine x2  
  84  5:59  Siege Tank, Medivac, SCV  
  84  6:02  Supply Depot  
  84  6:03  SCV, Marine  
  92  6:05  SCV, Supply Depot  
  92  6:07  Supply Depot  
  93  6:23  Medivac, SCV x3, Marine x3  
  101  6:26  Marine x2  
  101  6:28  Barracks  
  101  6:29  Barracks  
  103  6:33  Siege Tank  
  103  6:34  Medivac  
  103  6:36  SCV x3  
  103  6:37  Armory  
  111  6:40  Refinery x2  
  111  6:41  Marine  
  111  6:42  Marauder  
  111  6:45  Supply Depot  
  111  6:46  Marine x3  
  117  6:47  Supply Depot  
  117  6:53  SCV  
  116  6:58  SCV x2  
  116  6:59  Marine  
  116  7:02  Marine  
  116  7:06  SCV, Marine x3  
  121  7:09  Command Center  
  121  7:10  SCV, Siege Tank  
  125  7:17  Marine  
  125  7:20  Marine  
  125  7:22  Barracks Reactor x2  
  126  7:23  SCV x2  
  126  7:24  Marine x3  
  126  7:26  SCV  
  130  7:30  Factory  
  130  7:31  Supply Depot  
  130  7:32  Supply Depot  
  130  7:34  Marine  
  130  7:35  SCV  
  129  7:37  Terran Infantry Weapons Level 2  
  129  7:38  Terran Vehicle Weapons Level 1, Marine  
  129  7:40  Terran Infantry Armor Level 2  
  129  7:42  Marine x2  
  129  7:43  Marine  
  125  7:54  Marine  
  125  7:56  Marine  
  130  7:58  Siege Tank  
  130  7:59  Marine x6  
  130  8:00  Marine  
  130  8:02  Supply Depot  
  134  8:11  Concussive Shells  
  134  8:12  Marine  
  135  8:14  Marine  
  135  8:16  Factory Tech Lab  
  135  8:17  SCV x2, Marine x6, Supply Depot  
  135  8:18  SCV, Marine  
  146  8:22  Medivac  
  148  8:29  SCV x2  
  148  8:30  Marine  
  148  8:31  Siege Tank, Marine  
  148  8:32  Medivac  
  157  8:35  Marine x4  
  157  8:38  Marine  
  157  8:40  Marine x2  
  164  8:43  Siege Tank  
  164  8:45  SCV  
  164  8:47  SCV, Marine  
  170  8:49  Marine  
  170  8:52  Marine  
  170  8:53  SCV, Marine x3  
  162  8:56  Marine  
  162  8:58  Orbital Command, SCV, Marine x2  
  156  9:04  SCV  
  156  9:05  Siege Tank, SCV, Marine  
  148  9:10  Marine x2  
  148  9:12  Marine  
  148  9:15  Siege Tank  
  148  9:16  Marine  
  131  9:21  SCV x2  
  131  9:23  SCV  
  119  9:33  SCV x2, Marine  
  119  9:34  Marine  
  119  9:35  SCV  
  119  9:37  Siege Tank  
  127  9:39  Marine  
  127  9:43  Marine x2  
  130  9:45  SCV x2  
  130  9:47  SCV  
  133  9:57  SCV  
  133  9:58  SCV  
Tags
 
Add a new tag
Caveats
  • Supply blocks, unpowered buildings, or Contaminate may cause inaccurate times.
  • Supply counts are checked every 10 seconds.